 Dungeon Crawl Stone Soup version 0.22-a0-181-gb22368a (webtiles) character file.

399 vishdafish the Slasher (level 6, -3/47 HPs)
             Began as a Demonspawn Skald on Feb 15, 2018.
             Killed from afar by an orc wizard (10 damage)
             ... with a magic dart
             ... on level 4 of the Dungeon.
             The game lasted 00:09:07 (4516 turns).

vishdafish the Slasher (Demonspawn Skald)           Turns: 4516, Time: 00:09:08

Health: -3/47      AC:  6    Str: 14 (15) XL:     6   Next: 54%
Magic:  10/10      EV: 10    Int: 16      God:
Gold:   167        SH:  0    Dex: 11 (13) Spells: 10/11 levels left

rFire    . . .     SeeInvis .   a - +0 falchion
rCold    . . .     Gourm    .   (no shield)
rNeg     . . .     Faith    .   j - +0 scale mail (curse)
rPois    .         Spirit   .   (no helmet)
rElec    .         Reflect  .   (no cloak)
rCorr    .         Harm     .   (no gloves)
MR       .....                  (no boots)
Stlth    ..........             (no amulet)
HPRegen  0.15/turn              (no ring)
MPRegen  0.12/turn              (no ring)

@: confused
A: claws 1, clever 1, demonic guardian 1, powered by death 1, strong 1,
evolution 1
a: no special abilities


You were on level 4 of the Dungeon.
You were very hungry.

You visited 1 branch of the dungeon, and saw 4 of its levels.

You collected 167 gold pieces.

Inventory:

Hand Weapons
 a - a +0 falchion (weapon)
Missiles
 f - 8 curare-tipped needles
Armour
 b - a +0 leather armour
 j - a cursed +0 scale mail (worn)
Wands
 k - a wand of enslavement (1)
Scrolls
 e - a scroll of random uselessness
 g - a scroll of remove curse {unknown}
 h - a scroll of fog
 i - a scroll of teleportation
 n - a scroll of immolation {unknown}
 s - a scroll of enchant armour {unknown}
Potions
 p - a potion of flight
Books
 c - a book of Battle

   Spells                             Type                      Level
   a - Infusion                       Charms                       1
   b - Shroud of Golubria             Charms/Translocation         2
   c - Song of Slaying                Charms                       2
   d - Spectral Weapon                Hexes/Charms                 3
   e - Regeneration                   Charms/Necromancy            3
Comestibles
 d - 5 rations


   Skills:
 + Level 3.2 Fighting
 * Level 3.7 Long Blades
 * Level 2.8 Armour
 + Level 2.9 Dodging
 - Level 3.0 Spellcasting
 - Level 3.0 Charms


You had 10 spell levels left.
You knew the following spells:

 Your Spells              Type           Power        Failure   Level  Hunger
a - Infusion              Chrm           ##..         22%         1    #......


Dungeon Overview and Level Annotations

Branches:
Dungeon (4/15)
 Temple: D:4-7

Altars:
Ashenzari
Fedhas
Trog

Annotations:
D:3 exclusion: oklob plant


Innate Abilities, Weirdness & Mutations

You have sharp fingernails.
A weak demonic guardian rushes to your aid.
You regenerate a little health from kills.
Your mind is acute. (Int +2)
Your muscles are strong. (Str +2)
You evolve.


Message History

Something hits you.
* * * LOW HITPOINT WARNING * * *
Things that are here:
a dagger; a robe Something hits you but does no damage.
Something hits you but does no damage.
You bump into the rock wall.
Something hits you but does no damage.
You barely miss something.
You hear some strange, mumbled words.
A puff of flame appears from out of thin air!
The puff of flame hits you!
* * * LOW HITPOINT WARNING * * *
Evoke which item? (* to show all) (? for menu, Esc to quit)
You're too confused!
You hit something but do no damage. Something hits you but does no damage.
You completely miss something.
You hear some strange, mumbled words.
A magic dart appears from out of thin air!
The magic dart hits you!
You die...

..........# ##. .
.........## ##.. #.
..........# #... #..
..........####[.# #..##
#..........##)..#
#....#####.....##..#...##
##......)####### #.....##
........)...######......##
...####.{@......#..#..#...
####........######..
###.....## ### #.....## #
##.....# #......# #
######## # ## ..


There were no monsters in sight!

Vanquished Creatures
  An ogre (D:4)
  An orc priest (D:2)
  A gnoll shaman (D:4)
  Natasha (thrice) (D:2)
  2 orc wizards
  A worker ant (D:4)
  A howler monkey zombie (D:3)
  2 gnolls (D:3)
  4 adders
  An ooze (D:3)
  2 worms (D:2)
  2 dart slugs
  A leopard gecko (D:1)
  8 orcs
  A giant cockroach (D:2)
  6 goblins
  2 hobgoblins
  4 jackals (D:3)
  A quokka (D:2)
  9 bats
  5 frilled lizards
  6 kobolds
  8 rats
72 creatures vanquished.

Vanquished Creatures (collateral kills)
  A gnoll (D:4)
  An adder (D:4)
2 creatures vanquished.

Grand Total: 74 creatures vanquished

Notes
Turn   | Place    | Note
-------+----------+-------------------------------------------
     0 | D:1      | vishdafish the Demonspawn Skald began the quest for the Orb.
     0 | D:1      | Reached XP level 1. HP: 16/16 MP: 3/3
    51 | D:1      | Reached skill level 1 in Armour
   241 | D:1      | Gained mutation: You have sharp fingernails. [demonic ancestry]
   241 | D:1      | Reached XP level 2. HP: 18/22 MP: 5/5
   979 | D:2      | Reached XP level 3. HP: 23/27 MP: 2/6
  1259 | D:2      | Found a bloodstained altar of Trog.
  1288 | D:2      | Noticed Natasha
  1304 | D:2      | Killed Natasha
  1304 | D:2      | Gained mutation: You regenerate a little health from kills. [demonic ancestry]
  1304 | D:2      | Reached XP level 4. HP: 7/34 MP: 2/7
  1709 | D:2      | Noticed Natasha
  1716 | D:2      | Killed Natasha
  1778 | D:2      | Noticed Natasha
  1785 | D:2      | Killed Natasha
  2094 | D:2      | Found a shattered altar of Ashenzari.
  2514 | D:3      | Gained mutation: A weak demonic guardian rushes to your aid. [demonic ancestry]
  2514 | D:3      | Reached XP level 5. HP: 33/39 MP: 8/8
  3223 | D:3      | Found a blossoming altar of Fedhas.
  3244 | D:3      | Noticed an oklob plant
  3556 | D:4      | Reached XP level 6. HP: 43/47 MP: 10/10
  3880 | D:3      | Gained mutation: You evolve. [potion of mutation]
  3880 | D:3      | Gained mutation: Your muscles are strong. (Str +2) [potion of mutation]
  3880 | D:3      | Gained mutation: Your mind is acute. (Int +2) [potion of mutation]
  4516 | D:4      | Killed from afar by an orc wizard

Vault maps used:
D:1:      scummos_arrival_hexagon
D:2:      overflow_temple_1_default, trog_three_pillars_becter, uniq_natasha
D:3:      tgw_fedhas, first_ration
D:4:      regret_index_temple_of_mockery, lemuel_coloured_pillars_altar,
          bloody_makhleb, nemelex_xobeh_ov_fountains_minmay

Skill      XL: |  1  2  3  4  5  6 |
---------------+-------------------+-----
Armour         | 1 2 |  2.8
Long Blades    | 2 3 |  3.7
Dodging        | 2 |  2.9
Charms         | 3 |  3.0
Fighting       | 3 |  3.2
Spellcasting   | 3 |  3.0

Action                   |  1- 3 |  4- 6 || total
-------------------------+-------+-------++-------
Melee: Falchion          |   101 |   220 ||   321
 Cast: Infusion          |     6 |    10 ||    16
Evoke: Wand              |       |     1 ||     1
  Use: Scroll            |       |     6 ||     6
       Potion            |       |     6 ||     6
  Eat: Chunk             |     1 |     3 ||     4
       Ration            |       |     2 ||     2
Armor: Leather armour    |    12 |       ||    12
       Scale mail        |    35 |   105 ||   140
       Skin              |       |    34 ||    34
Dodge: Dodged            |    67 |   125 ||   192
       Rpst.: Falchion   |    25 |    43 ||    68

Table legend:
 A = Spawn XP
 B = Non-spawn XP
 C = Spawn XP percentage of total XP
 D = Spawn monster count
 E = Non-spawn monster count
 F = Spawn count percentage of total count
 G = Total turns spent on level
                    A         B        C        D         E        F      G
               +---------+---------+-------+---------+---------+-------+---------
         Total |       0 |     571 |   0.0 |       0 |      74 |   0.0 |  4516
               +---------+---------+-------+---------+---------+-------+---------
           D:1 |       0 |      24 |   0.0 |       0 |      14 |   0.0 |   783
           D:2 |       0 |     222 |   0.0 |       0 |      27 |   0.0 |  1859
           D:3 |       0 |     130 |   0.0 |       0 |      25 |   0.0 |  1364
           D:4 |       0 |     195 |   0.0 |       0 |       8 |   0.0 |   510
               +---------+---------+-------+---------+---------+-------+---------
